[Event "Titled Tuesday Blitz October 31 Early 2023"]
[White "Klukin, Kirill"]
[Black "LouieKov2022"]
[WhiteFideId "24199273"]
[WhiteElo "2840"]
[BlackElo "2469"]
[Result "1-0"]
[Round "1"]
[TimeControl "180+1"]
[Date "2023.10.31"]
[WhiteClock "0:00:57"]
[BlackClock "0:00:48"]
[Board "45"]

1. d4 d5 2. c4 c6 3. Nc3 dxc4 4. e3 b5 5. a4 b4 6. Ne4 Ba6 7. Nf3 e6 8. Ne5 Qd5 9. Qc2 b3 10. Qb1 Bb4+ 11. Bd2 c5 12. Nc3 cxd4 13. Nxd5 Bxd2+ 14. Kxd2 exd5 15. exd4 Nf6 16. f3 O-O 17. Be2 Re8 18. Qf5 Re7 19. Rhe1 Nbd7 20. Nxd7 Rxd7 21. g4 1-0


[Site "https://www.chess.com"]

[Event "Titled Tuesday Blitz October 31 Early 2023"]
[White "Pinto, Daniel"]
[Black "Sychev, Klementy"]
[WhiteFideId "3303144"]
[BlackFideId "4114060"]
[WhiteElo "2469"]
[BlackElo "2831"]
[Result "0-1"]
[Round "1"]
[TimeControl "180+1"]
[Date "2023.10.31"]
[WhiteClock "0:00:00"]
[BlackClock "0:02:25"]
[Board "46"]

1. e4 a6 2. Nf3 c6 3. Nc3 d5 4. d4 Bg4 5. h3 Bxf3 6. Qxf3 e6 7. Bd3 g6 8. O-O Bg7 9. Ne2 Ne7 10. c3 Nd7 11. exd5 Nxd5 12. Nf4 N5f6 13. Re1 O-O 14. b4 Re8 15. Bc2 e5 16. dxe5 Nxe5 17. Qd1 a5 18. Bb2 Nc4 19. Qc1 Rxe1+ 0-1


[Site "https://www.chess.com"]

[Event "Titled Tuesday Blitz October 31 Early 2023"]
[White "Kozak, Antoni"]
[Black "Bellissimo, Joseph F."]
[WhiteFideId "21832030"]
[BlackFideId "2609843"]
[WhiteElo "2830"]
[BlackElo "2467"]
[Result "1-0"]
[Round "1"]
[TimeControl "180+1"]
[Date "2023.10.31"]
[WhiteClock "0:01:59"]
[BlackClock "0:00:36"]
[Board "47"]

1. e4 e6 2. Nf3 d5 3. Nc3 c5 4. exd5 exd5 5. Bb5+ Nc6 6. d4 Be6 7. O-O Nf6 8. Re1 Be7 9. dxc5 O-O 10. Be3 Ng4 11. Bxc6 Nxe3 12. Rxe3 bxc6 13. b4 a5 14. a3 Bg4 15. Ne2 d4 16. Rd3 Bf6 17. Ng3 Re8 18. Rb1 axb4 19. axb4 Bf5 20. Nxf5 1-0


[Site "https://www.chess.com"]

[Event "Titled Tuesday Blitz October 31 Early 2023"]
[White "Taboas Rodriguez, Daniel"]
[Black "Karolczuk, Iwo"]
[WhiteFideId "2208466"]
[BlackFideId "21816972"]
[WhiteElo "2462"]
[BlackElo "2823"]
[Result "0-1"]
[Round "1"]
[TimeControl "180+1"]
[Date "2023.10.31"]
[WhiteClock "0:00:03"]
[BlackClock "0:00:23"]
[Board "48"]

1. d4 Nf6 2. Nf3 d5 3. c4 e6 4. Nc3 Bb4 5. Bg5 dxc4 6. Qa4+ Nc6 7. e3 O-O 8. Bxc4 h6 9. Bh4 Be7 10. O-O Nd5 11. Bxd5 exd5 12. Bg3 Be6 13. Rac1 a6 14. Ne2 Bg4 15. Qc2 Bxf3 16. gxf3 Qd7 17. Nf4 Bd6 18. Kh1 Ne7 19. Rg1 Nf5 20. Rg2 c6 21. Rcg1 Kh8 22. Nh5 Nxg3+ 23. Nxg3 g6 24. f4 Rae8 25. Qd1 Qh3 26. Nf1 Kh7 27. Rg3 Qf5 28. Qf3 Rg8 29. Rh3 Qe4 30. Qxe4 Rxe4 31. Nd2 Re7 32. f5 g5 33. Nf3 g4 34. f6 Re6 0-1


[Site "https://www.chess.com"]

[Event "Titled Tuesday Blitz October 31 Early 2023"]
[White "Mitrabha, Guha"]
[Black "Molina Carretero, Daniel"]
[WhiteFideId "5057000"]
[BlackFideId "32071914"]
[WhiteElo "2822"]
[BlackElo "2458"]
[Result "1-0"]
[Round "1"]
[TimeControl "180+1"]
[Date "2023.10.31"]
[WhiteClock "0:01:04"]
[BlackClock "0:00:05"]
[Board "49"]

1. Nf3 Nf6 2. d4 d5 3. Bf4 c5 4. e3 Nc6 5. Nbd2 Bf5 6. dxc5 e6 7. Nd4 Bxc5 8. Nxf5 exf5 9. c3 O-O 10. Bd3 g6 11. O-O Re8 12. Qb3 Qb6 13. Rad1 Rad8 14. Qxb6 Bxb6 15. Nb3 Kg7 16. Rd2 Ne4 17. Rc2 h6 18. h3 a6 19. Rd1 Re7 20. Nd4 Red7 21. a3 Nc5 22. Be2 Nxd4 23. Be5+ f6 24. Bxd4 Kf7 25. Rcd2 Na4 26. Rb1 Ke6 27. Bd1 Bxd4 28. Bxa4 b5 29. Bxb5 axb5 30. Rxd4 Kd6 31. Rbd1 Kc5 32. Kf1 h5 33. Ke2 Rd6 34. Kd2 R8d7 35. Kc2 Rd8 36. a4 bxa4 37. Rxa4 Rb8 38. Ra5+ Rb5 39. b4+ Kb6 40. Rxb5+ Kxb5 41. Kb3 Rd8 42. Rxd5+ Rxd5 43. c4+ Kc6 44. cxd5+ Kxd5 45. b5 Kc5 46. Ka4 Kb6 47. Kb4 g5 48. f4 h4 49. Kc4 g4 50. Kb4 Kb7 51. Kc5 Kc7 52. b6+ Kb7 53. Kb5 Kb8 54. Kc6 Kc8 55. Kd6 Kb7 56. Ke6 Kxb6 57. Kxf6 Kc5 58. Kxf5 gxh3 59. gxh3 1-0


[Site "https://www.chess.com"]

[Event "Titled Tuesday Blitz October 31 Early 2023"]
[White "Rosenberg, Evan S"]
[Black "Alexandre, Anne Shopie Elizabeth"]
[WhiteFideId "2019299"]
[BlackFideId "11902418"]
[WhiteElo "2456"]
[BlackElo "2822"]
[Result "1-0"]
[Round "1"]
[TimeControl "180+1"]
[Date "2023.10.31"]
[WhiteClock "0:00:13"]
[BlackClock "0:00:11"]
[Board "50"]

1. d4 Nf6 2. Nf3 d5 3. g3 Bf5 4. Bg2 e6 5. O-O h6 6. c4 c6 7. Qb3 Qb6 8. c5 Qa6 9. Nc3 Nbd7 10. Re1 b6 11. cxb6 axb6 12. Ne5 Qb7 13. e4 dxe4 14. Nxe4 Nxe4 15. Bxe4 Bxe4 16. Rxe4 c5 17. Qb5 Ra5 18. Qxd7+ Qxd7 19. Nxd7 Kxd7 20. dxc5 Rxc5 21. Be3 Rc6 22. Rd1+ Bd6 23. Bf4 Ke7 24. Bxd6+ Rxd6 25. Rc1 Rhd8 26. Kg2 g5 27. h4 f5 28. Rb4 g4 29. Rc7+ R8d7 30. Rc8 Ra7 31. a3 Kf6 32. Rb8 Ra6 33. Rb7 Rc6 34. Rb5 h5 35. Rb8 Rd6 36. Rh8 Kg6 37. Rb8 Kf6 38. Rh8 Kg6 39. Rb8 Kg7 40. Rb7+ Kf6 41. Rh7 Kg6 42. Rb7 Kh6 43. Rb4 e5 44. Rb5 Re6 45. Rd5 Kg6 46. Rdd7 f4 47. Rh7 Ra4 48. Rbg7+ Kf6 49. Rg5 f3+ 50. Kg1 e4 51. Rhxh5 e3 52. Rh6+ Kf7 53. Rxe6 exf2+ 54. Kxf2 Kxe6 55. Rg6+ Kf5 56. Rxb6 Re4 57. Rb5+ Kf6 58. Rb4 Re2+ 59. Kf1 Kf5 60. Rf4+ Ke5 61. Rxg4 Rc2 62. Rf4 Rxb2 63. Rxf3 Ke4 64. Rc3 Kf5 65. a4 Ra2 66. Rc4 Ke5 67. h5 Kf5 68. g4+ Kg5 69. Ke1 1-0


[Site "https://www.chess.com"]

[Event "Titled Tuesday Blitz October 31 Early 2023"]
[White "Herman, Daniel"]
[Black "Sattarov, Bobir"]
[WhiteFideId "30935008"]
[BlackFideId "14203081"]
[WhiteElo "2452"]
[BlackElo "2810"]
[Result "0-1"]
[Round "1"]
[TimeControl "180+1"]
[Date "2023.10.31"]
[WhiteClock "0:00:06"]
[BlackClock "0:00:19"]
[Board "52"]

1. c4 Nf6 2. Nc3 g6 3. e4 d6 4. d4 c5 5. d5 Bg7 6. Bd3 O-O 7. Nge2 e6 8. O-O Nbd7 9. Bg5 exd5 10. exd5 h6 11. Bh4 Qb6 12. Na4 Qc7 13. Nac3 a6 14. a4 Ne5 15. Bg3 Nh5 16. Bxe5 Bxe5 17. f4 Bg7 18. f5 g5 19. Bc2 Nf6 20. Ng3 Bd7 21. Nge4 Rae8 22. Qd3 Bc8 23. Nxf6+ Bxf6 24. Ne4 Qd8 25. Rae1 Bd4+ 26. Kh1 f6 27. Nd2 Be5 28. Ne4 Re7 29. Re3 Kg7 30. Rh3 Qe8 31. Ng3 Qf7 32. Nh5+ Kh7 33. Qf3 Rfe8 34. Qg4 Bxb2 35. Ng3 Re1 36. Qf3 Rxf1+ 37. Qxf1 Re3 38. Ne4 Rxh3 39. gxh3 Qe7 40. Qg2 Qe5 41. Qg3 Bxf5 42. Qf3 Kg7 43. Kg2 Bd4 44. Bd3 Bg6 45. Bc2 f5 46. Ng3 f4 47. Nf5+ Bxf5 0-1


[Site "https://www.chess.com"]

[Event "Titled Tuesday Blitz October 31 Early 2023"]
[White "Pakleza, Zbigniew"]
[Black "Mindhunter08"]
[WhiteFideId "1119290"]
[WhiteElo "2804"]
[BlackElo "2452"]
[Result "1-0"]
[Round "1"]
[TimeControl "180+1"]
[Date "2023.10.31"]
[WhiteClock "0:00:14"]
[BlackClock "0:00:00"]
[Board "53"]

1. d4 d5 2. Bf4 Nf6 3. e3 c5 4. c3 Nc6 5. Nd2 Bf5 6. Ngf3 Qb6 7. Nh4 Bd7 8. Qb3 c4 9. Qc2 h6 10. Nhf3 Bg4 11. b3 cxb3 12. Qxb3 e6 13. Ne5 Bf5 14. Bb5 Rc8 15. c4 Be7 16. h3 O-O 17. O-O Na5 18. Qd1 a6 19. Bd7 Rcd8 20. c5 Qa7 21. Ba4 b5 22. Bc2 Bxc2 23. Qxc2 Rc8 24. a4 b4 25. Rab1 Qb7 26. Nd3 Nc6 27. a5 Qb5 28. Nb3 Qxa5 29. Nxa5 1-0


[Site "https://www.chess.com"]

[Event "Titled Tuesday Blitz October 31 Early 2023"]
[White "Novikova, Galina"]
[Black "Hambleton, Aman"]
[WhiteFideId "4157095"]
[BlackFideId "2606577"]
[WhiteElo "2450"]
[BlackElo "2803"]
[Result "0-1"]
[Round "1"]
[TimeControl "180+1"]
[Date "2023.10.31"]
[WhiteClock "0:00:43"]
[BlackClock "0:00:26"]
[Board "54"]

1. e4 c5 2. Nf3 e6 3. b4 cxb4 4. a3 bxa3 5. Nxa3 d5 6. e5 Nc6 7. c3 f6 8. d4 fxe5 9. dxe5 Nh6 10. Bxh6 gxh6 11. Bd3 Bg7 12. O-O O-O 13. Re1 Bd7 14. Nb5 Be8 15. Nd6 Bh5 16. Be2 Bxf3 17. Bxf3 Nxe5 18. Nxb7 Nxf3+ 19. Qxf3 Rxf3 20. Nxd8 Rxd8 21. gxf3 Bxc3 22. Rec1 Bxa1 23. Rxa1 Rd7 24. Kf1 Kf7 25. Ke2 Kf6 26. Ke3 Kf5 27. Ra6 h5 28. h4 Ke5 29. Rc6 a5 30. Ra6 d4+ 31. Kd3 Rd5 32. Ra7 Kf4 33. Rf7+ Rf5 34. Rxh7 Kxf3 35. Kxd4 Kxf2 36. Rg7 Rf4+ 37. Ke5 Rxh4 38. Kxe6 Rg4 39. Rh7 h4 40. Kf5 Rc4 41. Kg5 a4 42. Rh6 Ke2 43. Rd6 h3 44. Rh6 Rc3 45. Kg4 a3 46. Ra6 Kd1 47. Kf4 h2 48. Rh6 Rc2 49. Ke3 a2 50. Ra6 h1=Q 51. Kd3 Qf1+ 52. Kd4 Qxa6 53. Ke3 Qa3+ 54. Kf4 Qb3 55. Ke5 Rc4 56. Ke6 Qb5 57. Ke7 Rc6 58. Ke8 Qb7 59. Kd8 Rc7 60. Ke8 Kd2 61. Kd8 Kd3 62. Ke8 Kd4 63. Kd8 Kd5 64. Ke8 Kd6 65. Kd8 Kc6 66. Ke8 Kb6 67. Kd8 Ka7 68. Ke8 Kb8 69. Kd8 a1=Q 70. Ke8 Qaa8 71. Kd8 Ka7# 0-1


[Site "https://www.chess.com"]

[Event "Titled Tuesday Blitz October 31 Early 2023"]
[White "Kamsky, Gata"]
[Black "Korsunsky, Yuri"]
[WhiteFideId "2000024"]
[BlackFideId "14102722"]
[WhiteElo "2803"]
[BlackElo "2449"]
[Result "1-0"]
[Round "1"]
[TimeControl "180+1"]
[Date "2023.10.31"]
[WhiteClock "0:01:18"]
[BlackClock "0:00:19"]
[Board "55"]

1. e4 d6 2. d4 Nf6 3. Nc3 g6 4. Nf3 Bg7 5. Bd3 O-O 6. O-O Bg4 7. h3 Bxf3 8. Qxf3 Nc6 9. Ne2 e5 10. c3 d5 11. exd5 Qxd5 12. Qxd5 Nxd5 13. dxe5 Nxe5 14. Bc2 Rfe8 15. Nf4 Rad8 16. Nxd5 Rxd5 17. Be4 Rb5 18. a4 Rb6 19. a5 Rb5 20. Bc2 c6 21. a6 b6 22. Rd1 Nc4 23. Ra2 Rd5 24. Kf1 Rxd1+ 25. Bxd1 c5 26. Be2 Na5 27. Ra4 Rd8 28. Bg5 Rd5 29. Be3 h6 30. Re4 Re5 31. Rxe5 Bxe5 32. Bxh6 c4 33. Be3 f5 34. Bxb6 1-0


[Site "https://www.chess.com"]

[Event "Titled Tuesday Blitz October 31 Early 2023"]
[White "Liu, Casper"]
[Black "Javakhadze, Zurab"]
[WhiteFideId "1454153"]
[BlackFideId "13603647"]
[WhiteElo "2447"]
[BlackElo "2803"]
[Result "0-1"]
[Round "1"]
[TimeControl "180+1"]
[Date "2023.10.31"]
[WhiteClock "0:00:03"]
[BlackClock "0:00:14"]
[Board "56"]

1. e4 c5 2. Nc3 a6 3. Nge2 b5 4. g3 Bb7 5. Bg2 e6 6. O-O Nf6 7. e5 Bxg2 8. Kxg2 Ng4 9. d4 Nc6 10. f4 cxd4 11. Nxd4 Qb6 12. Nce2 h5 13. h3 Nxd4 14. Nxd4 Bc5 15. hxg4 Bxd4 16. gxh5 Qc6+ 17. Rf3 Bb6 18. g4 g6 19. hxg6 fxg6 20. Qd3 Kf7 21. Bd2 Rh4 22. Rh1 Rxg4+ 23. Kf1 Rg8 24. Rh7+ Rg7 25. f5 gxf5 26. Rxf5+ exf5 27. Qxf5+ Kg8 28. Rxg7+ Rxg7 29. Qh5 Qg2+ 30. Ke1 Qg1+ 31. Ke2 Rg2+ 32. Kd3 Qd4# 0-1


[Site "https://www.chess.com"]

[Event "Titled Tuesday Blitz October 31 Early 2023"]
[White "Stearman, Josiah"]
[Black "Buchenau, Frank"]
[WhiteFideId "2062496"]
[BlackFideId "4604350"]
[WhiteElo "2801"]
[BlackElo "2447"]
[Result "1-0"]
[Round "1"]
[TimeControl "180+1"]
[Date "2023.10.31"]
[WhiteClock "0:01:04"]
[BlackClock "0:00:03"]
[Board "57"]

1. e4 e6 2. d3 d5 3. Qe2 dxe4 4. dxe4 b6 5. Nf3 Ba6 6. Qe3 Bc5 7. Qc3 Nf6 8. Bg5 Bxf1 9. Rxf1 Nc6 10. Nbd2 Nd4 11. Nxd4 Qxd4 12. Qxd4 Bxd4 13. O-O-O h6 14. Bh4 g5 15. Bg3 O-O-O 16. f3 Be3 17. Rfe1 Bf4 18. Bxf4 gxf4 19. Nc4 Rhg8 20. Rxd8+ Kxd8 21. Re2 Nd7 22. b4 Ke7 23. c3 a5 24. bxa5 b5 25. Nd2 Ra8 26. Nb3 c5 27. Rd2 c4 28. Nd4 Ne5 29. Nxb5 Rxa5 30. Nd4 Nd3+ 31. Rxd3 Rxa2 32. Nc6+ Kf6 33. Rd2 1-0


[Site "https://www.chess.com"]

[Event "Titled Tuesday Blitz October 31 Early 2023"]
[White "Maris, Ivo"]
[Black "Golizadeh, Asghar"]
[WhiteFideId "1028146"]
[BlackFideId "12505269"]
[WhiteElo "2447"]
[BlackElo "2795"]
[Result "1-0"]
[Round "1"]
[TimeControl "180+1"]
[Date "2023.10.31"]
[WhiteClock "0:01:46"]
[BlackClock "0:00:37"]
[Board "58"]

1. e3 Nf6 2. c4 e6 3. b3 b6 4. Bb2 Bb7 5. Nf3 Be7 6. Rg1 O-O 7. g4 d5 8. cxd5 Nxd5 9. g5 c5 10. h4 Nc6 11. a3 a5 12. Nc3 Qc7 13. h5 Rad8 14. h6 g6 15. Ne4 f5 16. gxf6 Nxf6 17. Neg5 Rd6 18. Bc4 Bc8 19. b4 cxb4 20. Qb3 Nd5 21. Rc1 Rf5 22. e4 Bxg5 23. exf5 Bf4 24. fxg6 Bxh6 25. gxh7+ Kxh7 26. Bd3# 1-0


[Site "https://www.chess.com"]

[Event "Titled Tuesday Blitz October 31 Early 2023"]
[White "Badmatsyrenov, Oleg"]
[Black "Rios Escobar, Adan"]
[WhiteFideId "24115762"]
[BlackFideId "3403645"]
[WhiteElo "2794"]
[BlackElo "2446"]
[Result "1-0"]
[Round "1"]
[TimeControl "180+1"]
[Date "2023.10.31"]
[WhiteClock "0:02:36"]
[BlackClock "0:00:00"]
[Board "59"]

1. e4 c5 2. Nf3 d6 3. d4 cxd4 4. Nxd4 Nf6 5. Nc3 a6 6. f4 e5 7. Nf3 Qc7 8. a4 Nc6 9. Bd3 Be7 10. O-O O-O 11. Qe1 Nb4 12. Kh1 Nxd3 13. cxd3 Bd7 14. Be3 exf4 15. Bxf4 Ng4 16. Nd5 Qd8 17. Qg3 Re8 18. Nxe7+ Rxe7 19. Bxd6 Re6 20. Bc7 Qc8 21. Rac1 Rg6 22. Nh4 Rc6 23. Rxc6 Bxc6 24. Nf5 h5 25. Ne7+ Kf8 26. Nxc8 Rxc8 27. Bd6+ Kg8 28. h3 Nf6 29. Rxf6 Rd8 30. Be5 1-0


[Site "https://www.chess.com"]

[Event "Titled Tuesday Blitz October 31 Early 2023"]
[White "Semenenko, Dmytry"]
[Black "Vakhlamov, Igor L."]
[WhiteFideId "14118645"]
[BlackFideId "24126748"]
[WhiteElo "2445"]
[BlackElo "2792"]
[Result "0-1"]
[Round "1"]
[TimeControl "180+1"]
[Date "2023.10.31"]
[WhiteClock "0:00:18"]
[BlackClock "0:00:33"]
[Board "60"]

1. Nf3 d5 2. c4 e6 3. d4 Nf6 4. Nc3 c5 5. cxd5 cxd4 6. Qxd4 Nxd5 7. Nxd5 exd5 8. e4 dxe4 9. Qxe4+ Be7 10. Bb5+ Nd7 11. O-O O-O 12. Rd1 Nf6 13. Qe2 Qc7 14. Bg5 Be6 15. Rac1 Qb6 16. Nd4 Bc5 17. Nxe6 fxe6 18. Bc4 Nd5 19. Qxe6+ Qxe6 20. Bxd5 Bxf2+ 21. Kh1 Rae8 22. Bxe6+ Rxe6 23. Rc7 h6 24. Bc1 b5 25. b3 Re2 26. h3 Bb6 27. Rb7 Rff2 28. Rdd7 Rxg2 29. Rxb6 axb6 30. Ba3 Rh2+ 31. Kg1 Reg2+ 32. Kf1 Rxa2 33. Bc1 Rh1# 0-1


[Site "https://www.chess.com"]

[Event "Titled Tuesday Blitz October 31 Early 2023"]
[White "Llorente Zaro, Alfonso"]
[Black "PoXerStar"]
[WhiteFideId "2254131"]
[WhiteElo "2784"]
[BlackElo "2444"]
[Result "1/2-1/2"]
[Round "1"]
[TimeControl "180+1"]
[Date "2023.10.31"]
[WhiteClock "0:00:16"]
[BlackClock "0:00:13"]
[Board "61"]

1. Nf3 Nf6 2. c4 c5 3. Nc3 b6 4. d4 cxd4 5. Nxd4 Bb7 6. f3 e6 7. e4 Nc6 8. Be3 a6 9. Qd2 d6 10. Be2 Be7 11. O-O Rc8 12. Rfd1 O-O 13. Rac1 Qc7 14. Nd5 Qd8 15. Nxc6 Rxc6 16. Nxe7+ Qxe7 17. Qb4 Nd7 18. b3 Nc5 19. Rd2 Rd8 20. Rcd1 e5 21. Bf1 g6 22. a3 f5 23. exf5 gxf5 24. Bxc5 bxc5 25. Qa5 e4 26. fxe4 fxe4 27. Re1 Rd7 28. Qc3 Rc8 29. Rde2 Rf8 30. Re3 Qf6 31. Qxf6 Rxf6 32. g3 Rdf7 33. Bg2 Re7 34. Bxe4 Bxe4 35. Rxe4 Rxe4 36. Rxe4 Rf3 37. b4 Rxa3 38. bxc5 dxc5 39. Re5 Ra1+ 40. Kg2 a5 41. Rxc5 a4 42. Kh3 a3 43. Ra5 Rc1 44. Rxa3 Rxc4 45. Ra7 Rb4 46. g4 Rb2 47. Kg3 Rb3+ 48. Kh4 Rb2 49. h3 Rb5 50. Re7 Ra5 51. g5 Ra3 52. Kg4 Rb3 53. h4 Rb4+ 54. Kh5 Ra4 55. Rc7 Ra3 56. Rd7 Ra4 57. Rc7 Ra6 58. Rc4 Ra3 59. Kg4 Kg7 60. Rd4 Ra6 61. Rd7+ Kg8 62. Rd4 Kg7 63. Re4 Ra5 64. Kh5 Ra6 65. Re5 Ra4 66. Re7+ Kg8 67. Rb7 Ra6 68. Rb4 Kg7 69. Re4 Ra7 70. Kg4 Rb7 71. Kf5 Rf7+ 72. Kg4 Ra7 73. Rd4 h6 74. Kh5 hxg5 75. hxg5 Rb7 76. Rd6 Ra7 77. Rg6+ Kh7 78. Rf6 Kg7 79. Rf5 Kh7 80. Rd5 Kg7 81. Rd6 Kh7 82. Rh6+ Kg7 83. Kg4 Ra4+ 84. Kg3 Ra3+ 85. Kh4 Ra4+ 86. Kh5 Ra7 87. Re6 Kh7 88. Rf6 Kg7 89. Rf5 Ra6 90. Rf4 Ra7 91. Rf3 Kh7 92. Rf7+ Rxf7 93. g6+ Kg7 94. gxf7 Kxf7 1/2-1/2


[Site "https://www.chess.com"]

[Event "Titled Tuesday Blitz October 31 Early 2023"]
[White "Rosh Jain"]
[Black "Hayrapetyan, Hovik"]
[WhiteFideId "25789465"]
[BlackFideId "13302639"]
[WhiteElo "2444"]
[BlackElo "2781"]
[Result "0-1"]
[Round "1"]
[TimeControl "180+1"]
[Date "2023.10.31"]
[WhiteClock "0:00:00"]
[BlackClock "0:00:07"]
[Board "62"]

1. e4 c5 2. Nc3 d6 3. f4 g6 4. Nf3 Bg7 5. Bb5+ Bd7 6. a4 Nc6 7. d3 e6 8. O-O Nge7 9. f5 gxf5 10. Bg5 h6 11. Bh4 Qc7 12. Re1 fxe4 13. dxe4 O-O-O 14. Bf1 a6 15. Nd2 Bd4+ 16. Kh1 Rdg8 17. Nc4 Ng6 18. Bg3 Nge5 19. Ne2 Nxc4 20. Nxd4 Nxb2 21. Qc1 cxd4 22. Qxb2 e5 23. Bc4 Be6 24. Qb3 Rg6 25. Bxe6+ fxe6 26. c3 h5 27. Bh4 Rhg8 28. Ra2 dxc3 29. Qxc3 Nd4 30. Qa3 Kb8 31. Rc1 Qd7 32. Rb2 Ka8 33. a5 Rc8 34. Qe3 Rxc1+ 35. Qxc1 Qc6 36. Qe3 Qa4 37. h3 Qa1+ 38. Kh2 Qxb2 0-1


[Site "https://www.chess.com"]

[Event "Titled Tuesday Blitz October 31 Early 2023"]
[White "Saydaliev, Saidakbar"]
[Black "Tsyhanchuk, Stanislav"]
[WhiteFideId "14203693"]
[BlackFideId "13505130"]
[WhiteElo "2778"]
[BlackElo "2436"]
[Result "1-0"]
[Round "1"]
[TimeControl "180+1"]
[Date "2023.10.31"]
[WhiteClock "0:01:09"]
[BlackClock "0:00:04"]
[Board "63"]

1. e4 c5 2. Nf3 g6 3. d4 cxd4 4. Nxd4 Bg7 5. c4 Nc6 6. Nc2 Nf6 7. Nc3 O-O 8. Be3 d6 9. Be2 Be6 10. O-O Rc8 11. Rc1 a6 12. Qd2 Ne5 13. b3 b5 14. cxb5 axb5 15. f3 Rxc3 16. Qxc3 Nxe4 17. Qe1 Nc5 18. Qd2 Bd7 19. Nb4 Nc6 20. Nxc6 Bxc6 21. b4 d5 22. Bxc5 d4 23. Bd3 Qd5 24. Be4 Qd7 25. Bxc6 Qxc6 26. Bxe7 Qd5 27. Bxf8 Bxf8 28. Rfd1 Bg7 29. Rc8+ Bf8 30. Qxd4 Qxd4+ 31. Rxd4 Kg7 32. Rxf8 Kxf8 33. Rd5 Kg7 34. Rxb5 Kf6 35. a4 Ke6 36. a5 f6 37. Rb6+ 1-0


[Site "https://www.chess.com"]

[Event "Titled Tuesday Blitz October 31 Early 2023"]
[White "Kostiukov, Alexandr"]
[Black "Ozen, Bahadir"]
[WhiteFideId "14108100"]
[BlackFideId "6337058"]
[WhiteElo "2433"]
[BlackElo "2778"]
[Result "0-1"]
[Round "1"]
[TimeControl "180+1"]
[Date "2023.10.31"]
[WhiteClock "0:00:06"]
[BlackClock "0:01:10"]
[Board "64"]

1. g3 g6 2. Bg2 Bg7 3. c4 c6 4. Nf3 Nf6 5. O-O O-O 6. d4 d6 7. Nc3 Bf5 8. Nh4 Be6 9. d5 cxd5 10. cxd5 Bd7 11. Qb3 Na6 12. Qxb7 Nc5 13. Qb4 Rb8 14. Qc4 Qb6 15. Rb1 Rfc8 16. Qf4 Ng4 17. Bd2 a5 18. h3 Ne5 19. Rfc1 h6 20. Qe3 Nc4 21. Qf4 Nb3 22. axb3 g5 23. Qe4 Nxd2 24. Qxe7 Nxb1 25. Qxd7 Nxc3 26. bxc3 gxh4 0-1


[Site "https://www.chess.com"]

[Event "Titled Tuesday Blitz October 31 Early 2023"]
[White "Mekhitarian, Krikor Sevag"]
[Black "Mrudul Dehankar"]
[WhiteFideId "2107660"]
[BlackFideId "25096990"]
[WhiteElo "2778"]
[BlackElo "2432"]
[Result "1-0"]
[Round "1"]
[TimeControl "180+1"]
[Date "2023.10.31"]
[WhiteClock "0:00:14"]
[BlackClock "0:00:00"]
[Board "65"]

1. Nf3 Nf6 2. c4 c5 3. Nc3 Nc6 4. d4 cxd4 5. Nxd4 d5 6. cxd5 Nxd5 7. Nxc6 bxc6 8. Bd2 g6 9. Nxd5 cxd5 10. Bc3 f6 11. Qb3 Be6 12. Rd1 Qb6 13. Qa4+ Bd7 14. Qc2 Be6 15. h4 Bg7 16. h5 Kf7 17. h6 Bf8 18. g3 Bf5 19. Qa4 e6 20. g4 Be4 21. f3 Bc5 22. Qd7+ Be7 23. fxe4 Rhd8 24. Qa4 dxe4 25. Rxd8 Rxd8 26. Qxe4 Bc5 27. Bh3 Bf2+ 28. Kf1 Bg3 29. Qf3 1-0


[Site "https://www.chess.com"]

[Event "Titled Tuesday Blitz October 31 Early 2023"]
[White "crazy_m_attack"]
[Black "Komov, Roman"]
[BlackFideId "24175714"]
[WhiteElo "2431"]
[BlackElo "2775"]
[Result "0-1"]
[Round "1"]
[TimeControl "180+1"]
[Date "2023.10.31"]
[WhiteClock "0:01:34"]
[BlackClock "0:02:25"]
[Board "66"]

1. e4 c5 2. Nf3 d6 3. d4 cxd4 4. Nxd4 Nf6 5. Nc3 Nc6 6. Be2 e5 7. Nf3 Be7 8. Bg5 O-O 9. O-O Be6 10. Bxf6 Bxf6 11. Nd5 Rc8 12. c3 g6 13. Nxf6+ Qxf6 14. Qxd6 Rfd8 15. Qa3 Qf4 16. Qa4 Bf5 17. g3 Qxe4 18. Qxe4 Bxe4 19. Rad1 f6 20. Bc4+ Kf8 21. Nd2 Bc2 22. Bb3 Bxd1 23. Rxd1 Na5 24. Bc2 Nc4 25. Nxc4 Rxd1+ 26. Bxd1 Rxc4 27. Kf1 Ke7 28. Ke2 e4 29. Bb3 Rc8 30. Ke3 f5 31. Bd5 Kd6 32. h4 Kxd5 0-1


[Site "https://www.chess.com"]

[Event "Titled Tuesday Blitz October 31 Early 2023"]
[White "Samsonkin, Artiom"]
[Black "Kuznetsova, Olga"]
[WhiteFideId "13503111"]
[BlackFideId "4191323"]
[WhiteElo "2775"]
[BlackElo "2430"]
[Result "1-0"]
[Round "1"]
[TimeControl "180+1"]
[Date "2023.10.31"]
[WhiteClock "0:01:38"]
[BlackClock "0:00:55"]
[Board "67"]

1. e4 e6 2. d4 d5 3. Nd2 dxe4 4. Nxe4 Nd7 5. Nf3 Ngf6 6. Nxf6+ Nxf6 7. Ne5 Bd6 8. Bd3 O-O 9. Bg5 h6 10. Bh4 c5 11. Qe2 cxd4 12. O-O-O Be7 13. Kb1 Qa5 14. f4 Rd8 15. g4 Nd5 16. Bxe7 Nxe7 17. g5 hxg5 18. fxg5 Rd5 19. Rde1 Bd7 20. g6 fxg6 21. Nxd7 1-0


[Site "https://www.chess.com"]

[Event "Titled Tuesday Blitz October 31 Early 2023"]
[White "Leve, Nitai"]
[Black "Liyanage, Ranindu Dilshan"]
[WhiteFideId "2006898"]
[BlackFideId "9915834"]
[WhiteElo "2429"]
[BlackElo "2771"]
[Result "0-1"]
[Round "1"]
[TimeControl "180+1"]
[Date "2023.10.31"]
[WhiteClock "0:00:08"]
[BlackClock "0:00:07"]
[Board "68"]

1. e4 c5 2. Nf3 a6 3. d4 cxd4 4. Qxd4 Nc6 5. Qe3 g6 6. c4 Bg7 7. Nc3 Nf6 8. h3 d6 9. Be2 O-O 10. O-O Be6 11. Rd1 Nd7 12. b3 Rc8 13. Bb2 Qa5 14. a3 Rfe8 15. b4 Qb6 16. c5 Qa7 17. cxd6 Qxe3 18. fxe3 exd6 19. Rxd6 Nb6 20. e5 Bc4 21. Bd1 Be6 22. Be2 Nd7 23. Ne4 Ncxe5 24. Nxe5 Nxe5 25. Rd2 Red8 26. Rad1 Rxd2 27. Rxd2 h6 28. Nc5 Bf5 29. Nxb7 Nc4 30. Bxc4 Rxc4 31. Bxg7 Kxg7 32. Nc5 Rc3 33. Ra2 Rxe3 34. Nxa6 Be6 35. Ra1 Re2 36. Kf1 Bc4 37. Re1 Ra2+ 38. Kg1 Bxa6 39. Re3 Bc4 40. Rc3 Bd5 41. b5 Kh7 42. b6 Rxg2+ 43. Kf1 Rb2 44. Rc5 Be4 45. Rc7 Kg7 46. a4 Rxb6 47. a5 Ra6 48. Rc5 Bf5 49. Kf2 Bxh3 50. Kg3 Be6 51. Kf4 Kf6 52. Rb5 h5 53. Kg3 g5 54. Kf2 Kg6 55. Kf3 h4 56. Kg2 Rd6 57. Rb8 Rd2+ 58. Kg1 Ra2 59. Ra8 h3 0-1


[Site "https://www.chess.com"]

[Event "Titled Tuesday Blitz October 31 Early 2023"]
[White "Sokolovsky, Yahli"]
[Black "Kahlert, Thomas"]
[WhiteFideId "2820242"]
[BlackFideId "4625242"]
[WhiteElo "2768"]
[BlackElo "2426"]
[Result "1-0"]
[Round "1"]
[TimeControl "180+1"]
[Date "2023.10.31"]
[WhiteClock "0:00:08"]
[BlackClock "0:00:14"]
[Board "69"]

1. b3 e5 2. Bb2 Nc6 3. e3 Nf6 4. Nf3 d6 5. c4 g6 6. d4 exd4 7. exd4 Bg7 8. d5 Ne7 9. Be2 O-O 10. O-O Bg4 11. Nbd2 Qd7 12. h3 Bxf3 13. Nxf3 Rfe8 14. Qc2 h5 15. Rfe1 Nf5 16. Bd3 Nh6 17. Qd2 Rxe1+ 18. Rxe1 Nf5 19. Re2 Re8 20. Qe1 Rxe2 21. Qxe2 Qe7 22. Qxe7 Nxe7 23. Bd4 a6 24. Kf1 Nd7 25. Be3 Ne5 26. Nxe5 Bxe5 27. b4 b6 28. Bd2 Bd4 29. Ke2 Kf8 30. f3 Ke8 31. g4 hxg4 32. fxg4 Kf8 33. a4 Kg7 34. Kf3 f5 35. h4 fxg4+ 36. Kxg4 Bf6 37. a5 bxa5 38. bxa5 Ng8 39. Be1 Nh6+ 40. Kf4 Be5+ 41. Ke4 Kf6 42. c5 dxc5 43. Bxa6 Nf7 44. Kf3 Nd6 45. Be2 c4 46. Bf2 Ke7 47. a6 Nc8 48. a7 Nxa7 49. Bxa7 Kd6 50. Ke4 c3 51. Bd3 Bf6 52. Bf2 c6 53. Bg3+ Kc5 54. d6 Kb4 55. Bc2 Kc4 56. d7 Bd8 57. Bf4 Kc5 58. Bg5 1-0


[Site "https://www.chess.com"]